 Dungeon Crawl Stone Soup version 0.25-a0-420-g1cc7eeb0d1 (webtiles) character file.

Game seed: 16372325483149997398, levelgen mode: deterministic

274 Kohma the Slasher (level 6, 0/56 HPs)
             Began as a Minotaur Fighter on Jan 18, 2020.
             Was an Initiate of Makhleb.
             Slain by a howler monkey (1 damage)
             ... on level 4 of the Dungeon.
             The game lasted 00:04:39 (1673 turns).

Kohma the Slasher (Minotaur Fighter)                Turns: 1673, Time: 00:04:39

Health: 0/56       AC: 10    Str: 27    XL:     6   Next: 3%
Magic:  5/5        EV:  8    Int:  5    God:    Makhleb [......]
Gold:   85         SH: 10    Dex: 10    Spells: 5/5 levels left

rFire    + . .     SeeInvis .   a - +0 long sword
rCold    . . .     Gourm    .   c - +0 shield
rNeg     . . .     Faith    .   e - +1 scale mail {rF+}
rPois    .         Spirit   .   (helmet restricted)
rElec    .         Reflect  .   (no cloak)
rCorr    .         Harm     .   (no gloves)
MR       .....                  t - +1 pair of boots
Stlth    ..........             (no amulet)
HPRegen  0.18/turn              (no ring)
MPRegen  0.09/turn              (no ring)

@: mighty, slowed, very slow
A: retaliatory headbutt, horns 2
a: Renounce Religion


You were on level 4 of the Dungeon.
You worshipped Makhleb.
Makhleb was noncommittal.
You were hungry.

You visited 1 branch of the dungeon, and saw 4 of its levels.

You collected 85 gold pieces.

Inventory:

Hand Weapons
 a - a +0 long sword (weapon)
Armour
 c - a +0 shield (worn)
 e - a +1 scale mail of fire resistance (worn)
 t - a +1 pair of boots (worn)
Jewellery
 b - an uncursed ring of positive energy {unknown}
 v - an uncursed ring of protection from magic {unknown}
Wands
 n - a wand of paralysis (11)
Scrolls
 g - a scroll of blinking {unknown}
 i - 3 scrolls of remove curse {unknown}
 k - 2 scrolls of identify {unknown}
 o - a scroll of magic mapping {unknown}
 p - a scroll of enchant weapon {unknown}
 q - 3 scrolls of teleportation {unknown}
 u - a scroll of enchant armour {unknown}
Potions
 d - a potion of might
 h - a potion of haste {unknown}
 j - a potion of degeneration {unknown}
 l - a potion of magic {unknown}
 m - 2 potions of curing {unknown}
 s - a potion of heal wounds
Comestibles
 f - 2 rations
 r - a chunk of flesh


   Skills:
 + Level 5.1 Fighting
 * Level 5.7 Long Blades
 - Level 3.6 Armour
 + Level 5.1 Shields


You had 5 spell levels left.
You didn't know any spells.
Your spell library was empty.

Dungeon Overview and Level Annotations

Branches:
Dungeon (4/15)
 Temple: D:4-7

Altars:
Makhleb
Vehumet


Innate Abilities, Weirdness & Mutations

You reflexively headbutt those who attack you in melee.
You have a pair of horns on your head.


Message History

* * * LOW HITPOINT WARNING * * *
You hear some strange, mumbled words.
A puff of flame appears from out of thin air!
The puff of flame hits you but does no damage.
The orc barely misses you. You furiously retaliate!
You headbutt the orc!
You kill the orc!
Makhleb accepts your kill.
You hear a shout!
You hear an angry hiss.
You barely miss something. Your headbutt misses something.
An orc wizard appears from thin air!
Reactivating autopickup.
The orc wizard hits you with a +0 dagger.
* * * LOW HITPOINT WARNING * * *
The howler monkey hits you but does no damage.
You block the orc wizard's attack. The howler monkey hits you.
* * * LOW HITPOINT WARNING * * *
You slash the orc wizard! Your headbutt misses the orc wizard.
The orc wizard is severely wounded.
You block the orc wizard's attack. The howler monkey hits you.
You die...

#.................#
#................#
...#...........#
#.#.....Z.##.## .
#.............# ..
#######..oZ####..##
...#.#......#o# .##
.........####h## #
##.....## #@o#..
#...#..## ##)....# ...#
##..####....#.#
....###.###.##....#...
........##.#.....#.....
#........#.............
#...........#.........#
.##........##..........#
........##..##........


You could see a howler monkey, an orc wizard, 2 orcs and an adder skeleton.

Vanquished Creatures
  An ogre (D:4)
  A crimson imp (D:3)
  An orc wizard (D:4)
  Natasha (D:4)
  Terence (D:2)
  3 adders
  An ooze (D:1)
  A dart slug (D:1)
  An orc (D:4)
  A ball python (D:1)
  5 giant cockroaches
  5 hobgoblins
  2 jackals (D:3)
  A quokka (D:4)
  5 bats
  2 frilled lizards (D:1)
  7 goblins
  3 kobolds
  6 rats
48 creatures vanquished.

Notes
Turn   | Place    | Note
-------+----------+-------------------------------------------
     0 | D:1      | Kohma the Minotaur Fighter began the quest for the Orb.
     0 | D:1      | Reached XP level 1. HP: 19/19 MP: 0/0
   180 | D:1      | Reached XP level 2. HP: 24/27 MP: 1/1
   718 | D:2      | Noticed Terence
   720 | D:2      | Reached XP level 3. HP: 33/33 MP: 2/2
   727 | D:2      | Killed Terence
   979 | D:2      | Found a faded altar of an unknown god.
  1198 | D:3      | Reached XP level 4. HP: 37/40 MP: 3/3
  1467 | D:3      | Found a burning altar of Makhleb.
  1468 | D:3      | Found a radiant altar of Vehumet.
  1477 | D:3      | Became a worshipper of Makhleb the Destroyer
  1598 | D:4      | Noticed an ogre
  1608 | D:4      | Killed an ogre
  1608 | D:4      | Reached skill level 5 in Long Blades
  1608 | D:4      | Reached XP level 5. HP: 47/47 MP: 4/4
  1651 | D:4      | Noticed Natasha
  1666 | D:4      | Killed Natasha
  1666 | D:4      | Reached skill level 5 in Fighting
  1666 | D:4      | Reached skill level 5 in Shields
  1671 | D:4      | Reached XP level 6. HP: 6/56 MP: 5/5
  1672 | D:4      | HP: 1/56 [howler monkey (3)]
  1673 | D:4      | Slain by a howler monkey

Levels and vault maps discovered:
D:1:      elethiomel_arrival_maze, layout_basic, minmay_tripent
D:2:      layout_rooms, chequers_ecumenical_altar_twisty, uniq_terence
D:3:      layout_basic, grunt_temple_overflow_lords_of_destruction
D:4:      layout_cave_pools, old_standard_altar, uniq_natasha

Skill      XL: |  1  2  3  4  5 |
---------------+----------------+-----
Long Blades    | 3 4 5 |  5.7
Fighting       | 4 5 |  5.1
Shields        | 4 5 |  5.1
Armour         | |  3.6

Action                   |  1- 3 |  4- 6 || total
-------------------------+-------+-------++-------
Melee: Long sword        |    62 |    47 ||   109
       Headbutt          |    10 |     3 ||    13
Throw: Throwing net      |     1 |       ||     1
  Use: Potion            |       |     1 ||     1
 Stab: Held in net/web   |     2 |       ||     2
  Eat: Chunk             |     1 |     1 ||     2
Armor: Scale mail        |    35 |    39 ||    74
Dodge: Dodged            |    18 |    20 ||    38
Block: Shield            |    29 |    26 ||    55
       Rpst.: Long sword |     5 |     5 ||    10

Table legend:
 A = Non-vault XP
 B = Vault XP
 C = Vault XP percentage of total XP
 D = Non-vault monster count
 E = Vault monster count
 F = Vault count percentage of total count
                 A         B        C        D         E       F
            +---------+---------+-------+---------+---------+-------
      Total |     267 |     125 |  31.9 |      43 |       5 |  10.4
            +---------+---------+-------+---------+---------+-------
        D:1 |      34 |       2 |   5.6 |      17 |       2 |  10.5
        D:2 |      15 |      36 |  70.6 |       9 |       1 |  10.0
        D:3 |      30 |      50 |  62.5 |      11 |       1 |   8.3
        D:4 |     188 |      37 |  16.4 |       6 |       1 |  14.3
            +---------+---------+-------+---------+---------+-------
